 Dungeon Crawl Stone Soup version 0.29-a0-845-g6161e89988 (webtiles) character file.

Game seed: 11543437887390937014

112 zazu2006 the Magician (level 4, 0/54 HPs)
             Began as a Naga Hedge Wizard on July 15, 2022.
             Succumbed to an orc wizard's poison
             ... on level 3 of the Dungeon.
             The game lasted 00:04:54 (2944 turns).

zazu2006 the Magician (Naga Hedge Wizard)           Turns: 2944, Time: 00:04:55

Health: 0/54       AC: 22    Str: 13      XL:     4   Next: 95%
Magic:  4/10       EV:  1    Int: 15 (16) God:
Gold:   127        SH:  0    Dex:  8 (10) Spells: 2/11 levels left

rFire   . . .      SeeInvis +   a - +0 dagger
rCold   . . .      Faith    .   (no shield)
rNeg    . . .      Spirit   .   (body armour currently unavailable)
rPois   +          Reflect  .   (helmet currently unavailable)
rElec   .          Harm     .   (cloak currently unavailable)
rCorr   .          Rampage  .   (gloves currently unavailable)
Will    .....      NoTele   +   (no barding)
Stlth   ++........              (no amulet)
HPRegen 0.18/turn               (no ring)
MPRegen 0.12/turn               (no ring)

@: mighty, lethally poisoned (0 -> -2), short of breath, tree-form, hasted, very
quick
A: stationary, stasis, torment immunity, boosted hp, AC +1, large, see
invisible, (deformed body), (poison resistance), (slowness 2), spit poison 1,
(naga tail 1)
a: Spit Poison


You were on level 3 of the Dungeon.
You were a tree.
You visited 1 branch of the dungeon, and saw 3 of its levels.

You collected 127 gold pieces.

Inventory:

Hand Weapons
 a - a +0 dagger (weapon)
Armour
 b - a +0 robe (melded)
 c - a +0 hat (melded)
Jewellery
 e - a ring of ice
Scrolls
 f - 5 scrolls of identify {unknown}
 k - a scroll of torment {unknown}
 n - a scroll of teleportation {unknown}
Potions
 d - 2 potions of magic
 o - a potion of degeneration


   Skills:
 + Level 0.1 Fighting
 + Level 2.1 Dodging
 + Level 3.6 Stealth
 + Level 4.4 Spellcasting
 + Level 1.6 Conjurations
 + Level 1.0 Summonings
 + Level 1.0 Translocations
 + Level 0.1 Poison Magic


You had 2 spell levels left.
You knew the following spells:

 Your Spells              Type           Power      Damage    Failure   Level
a - Magic Dart            Conj           32%        1d4       9%          1
b - Mephitic Cloud        Conj/Pois/Air  5%         N/A       38%         3
c - Conjure Flame         Conj/Fire      5%         6-21      36%         3
d - Blink                 Tloc           12%        N/A       17%         2

Your spell library contained the following spells:

 Spells                   Type           Power      Damage    Failure   Level
 Slow                     Hex            12%        N/A       17%         1
 Call Imp                 Summ           6%         N/A       17%         2


Dungeon Overview and Level Annotations

Branches:
Dungeon (2/15)

Altars:
Okawaru
Uskayaw

Shops:
D:3 ([

Annotations:
D:3 Ijyb


Innate Abilities, Weirdness & Mutations

You are a tree.
Your roots penetrate the ground, keeping you stationary.
You cannot be teleported.
You are immune to unholy pain and torment.
Your maximum health is greatly increased.
Your equipment is partially melded.
((Your serpentine skin is tough. (AC +1)))
You have supernaturally acute eyesight. (SInv)
((Armour fits poorly on your strangely shaped body.))
((Your system is resistant to poisons. (rPois)))
((You cover ground very slowly.))
You can spit poison.
((You have a snake-like lower body.))


Message History

It was a potion of might.
You feel very mighty all of a sudden.
* * * LOW HITPOINT WARNING * * *
You feel sick.
It was a potion of haste.
You feel yourself speed up.
* * * LOW HITPOINT WARNING * * *
You feel sick.
It was a potion of flight.
Your roots keep you in place.
* * * LOW HITPOINT WARNING * * *
You feel sick.
Aiming: Spit Poison (1% risk of failure)
Press: ? - help, Shift-Dir - straight line, f/p - Ijyb
Aim: Ijyb, wielding a +0 dagger, wearing a +0 chain mail and carrying a wand of charming (1) (moderately wounded, confused, 86% to hit)
The splash of poison hits the orc wizard.
The orc wizard is poisoned.
The orc wizard is lightly wounded.
* * * LOW HITPOINT WARNING * * *
You feel sick.
You barely miss the orc wizard.
The orc wizard is lightly wounded.
* * * LOW HITPOINT WARNING * * *
You feel sick.
You catch the helpless orc wizard completely off-guard!
You puncture the orc wizard!
You kill the orc wizard!
You feel your strength returning.
Unknown command.
Unknown command.
Okay, then.
* * * LOW HITPOINT WARNING * * *
You feel sick.
You can't do that yet.
Casting: Mephitic Cloud (dangerous; 38% risk of failure)
Confirm with . or Enter, or press ? or * to list all spells.
Aiming: Magic Dart (safe; 9% risk of failure)
Press: ? - help, Shift-Dir - straight line, f/p - Ijyb
Aim: Ijyb, wielding a +0 dagger, wearing a +0 chain mail and carrying a wand of charming (1) (moderately wounded, confused, 100% to hit)
The magic dart hits Ijyb but does no damage.
Ijyb is moderately wounded.
You die...

#########
#>.......
#♣#
##)####
#.g.?.#
#.h...#
#.....#
#.....#.#
.#
#.....#.#
..#
#.)...#.#
..#
#.)...#.#
..#


You could see Ijyb (confused) and a jackal (confused).

Vanquished Creatures
  An iguana (D:3)
  An orc wizard (D:3)
  An adder (D:3)
  A worm (D:2)
  4 dart slugs
  An orc (D:3)
  5 ball pythons
  3 endoplasms
  5 goblins
  3 hobgoblins
  A quokka (D:2)
  2 bats
  2 frilled lizards (D:1)
  6 kobolds
  9 rats
45 creatures vanquished.

Notes
Turn   | Place    | Note
-------+----------+-------------------------------------------
     0 | D:1      | zazu2006 the Naga Hedge Wizard began the quest for the Orb.
     0 | D:1      | Reached XP level 1. HP: 15/15 MP: 4/4
   535 | D:1      | Reached XP level 2. HP: 22/22 MP: 3/6
  1392 | D:2      | Found an iron altar of Okawaru.
  1539 | D:2      | Reached XP level 3. HP: 28/28 MP: 2/8
  1543 | D:2      | Learned a level 3 spell: Mephitic Cloud
  1547 | D:2      | Learned a level 3 spell: Conjure Flame
  1550 | D:2      | Learned a level 2 spell: Blink
  1983 | D:2      | You fall into a shaft and drop 1 floor!
  2046 | D:3      | Found a hide-covered altar of Uskayaw.
  2061 | D:3      | Found Waskah's Antique Armour Shop.
  2319 | D:3      | Found Jirghukiu's Antique Weapon Shop.
  2401 | D:3      | Reached skill level 4 in Spellcasting
  2503 | D:3      | Reached XP level 4. HP: 36/36 MP: 5/10
  2868 | D:3      | Noticed Ijyb
  2933 | D:3      | HP: 1/36 [orc wizard/magic dart (7)]
  2940 | D:3      | HP: 2/54 [poisoned by an orc wizard]
  2944 | D:3      | Succumbed to an orc wizard's poison

Illustrated notes

Levels and vault maps discovered:
D:1:      nzn_arrival_settlement, layout_basic, chequers_serial_rivers_room_b
D:2:      minmay_spotlight, layout_loops_corners, basic_altar,
          hellmonk_ecumenical_altar_blasted
D:3:      layout_basic, mainiacjoe_overflow_six_doors_small,
          nemelex_altar_shiori, serial_shops,
          nicolae_shop_competitors_out_of_business, shop, uniq_ijyb

Skill      XL: |  1  2  3  4 |
---------------+-------------+-----
Spellcasting   | 4 |  4.4
Dodging        | 2 |  2.1
Fighting       | |  0.1
Stealth        | |  3.6
Conjurations   | |  1.6
Summonings     | |  1.0
Translocations | |  1.0
Poison Magic   | |  0.1

Action                   |  1- 3 |  4- 6 || total
-------------------------+-------+-------++-------
Melee: Dagger            |     5 |    12 ||    17
 Cast: Magic Dart        |    85 |    16 ||   101
       Mephitic Cloud    |     1 |     3 ||     4
 Abil: Spit Poison       |    15 |     3 ||    18
  Use: Potion            |       |     7 ||     7
 Stab: Confused          |     1 |     1 ||     2
Armor: Robe              |     3 |     2 ||     5
       Skin              |       |     2 ||     2
Dodge: Dodged            |     2 |    11 ||    13

Table legend: (Time is in decaauts)
 A = Elapsed time spent in this place.
 B = Non-inter-level travel time spent in this place.
 C = Inter-level travel time spent in this place.
 D = Time resting spent in this place.
 E = Time spent auto-exploring this place.
 F = Levels seen in this place.
 G = Mean time per level.
                   A        B        C        D        E       F      G
               +--------+--------+--------+--------+--------+-----+--------+
         Total |   3590 |   3440 |    150 |     39 |   3026 |   3 | 1196.7 |
       Dungeon |   3590 |   3440 |    150 |     39 |   3026 |   3 | 1196.7 |
               +--------+--------+--------+--------+--------+-----+--------+

Top non-repeatable levels by time:
     D:1: 1751 daAuts
     D:3: 1171 daAuts
     D:2: 667 daAuts
